 Dungeon Crawl Stone Soup version 0.26.1-11-gd32895ea62 (webtiles) character file.

Game seed: 6391296435579235910

1022 bnorton916 the Frost Mage (level 8, -2/52 HPs)
             Began as a Barachi Ice Elementalist on June 3, 2021.
             Slain by an orc warrior
             ... wielding a +0 halberd
              (24 damage)
             ... on level 6 of the Dungeon.
             The game lasted 00:11:14 (7500 turns).

bnorton916 the Frost Mage (BaIE)                    Turns: 7500, Time: 00:11:15

Health: -2/52      AC:  3    Str: 10    XL:     8   Next: 22%
Magic:  11/16      EV: 16    Int: 18    God:
Gold:   309        SH:  0    Dex: 12    Spells: 5/18 levels left

rFire    . . .     SeeInvis .   c - +2 whip (elec)
rCold    . . .     Faith    .   (no shield)
rNeg     . . .     Spirit   .   a - +0 robe
rPois    .         Reflect  .   (no helmet)
rElec    .         Harm     .   m - +0 cloak
rCorr    .         Rampage  .   (no gloves)
Will     .....                  (no boots)
Stlth    ++........             (no amulet)
HPRegen  0.17/turn              w - +4 ring of evasion
MPRegen  0.15/turn              (no ring)

@: frozen ramparts, slow
A: +LOS, swims, slowness 1, strong legs 1
a: Hop


You were on level 6 of the Dungeon.
You visited 2 branches of the dungeon, and saw 7 of its levels.

You collected 309 gold pieces.

Inventory:

Hand Weapons
 c - a +2 whip of electrocution (weapon)
 o - a +0 hand crossbow
 q - a cursed -1 mace
 y - a +2 halberd of venom
 B - a +2 vorpal falchion
Missiles
 e - 161 stones
 i - 8 javelins (quivered)
Armour
 a - a +0 robe (worn)
 m - a +0 cloak (worn)
 C - a +2 leather armour of fire resistance
Jewellery
 w - a +4 ring of evasion (left hand)
Wands
 u - a wand of random effects (15)
 x - a wand of digging (3)
Scrolls
 b - 7 scrolls of remove curse
 f - a scroll of amnesia
 h - a scroll of enchant weapon {unknown}
 k - 2 scrolls of teleportation {unknown}
 l - a scroll of enchant armour {unknown}
 s - 3 scrolls of identify
 t - 2 scrolls of blinking {unknown}
Potions
 d - 3 potions of haste
 g - a potion of curing {unknown}
 j - 2 potions of brilliance {unknown}
 n - 2 potions of berserk rage
 p - a potion of heal wounds {unknown}
 r - 2 potions of attraction {unknown}
 v - a potion of lignification {unknown}
 z - a potion of flight {unknown}
 A - a potion of might {unknown}


   Skills:
 + Level 1.7 Armour
 - Level 2.1 Dodging
 - Level 1.7 Stealth
 - Level 5.6 Spellcasting
 + Level 6.1 Summonings
 - Level 8.0 Ice Magic


You had 5 spell levels left.
You knew the following spells:

 Your Spells              Type           Power        Failure   Level
a - Freeze                Ice            100%         1%          1
b - Frozen Ramparts       Ice            66%          1%          3
c - Ozocubu's Armour      Ice            33%          1%          3
d - Summon Ice Beast      Ice/Summ       30%          7%          4
e - Call Imp              Summ           27%          1%          2

Your spell library contained the following spells:

 Spells                   Type           Power        Failure   Level
 Summon Small Mammal      Summ           100%         1%          1
 Ensorcelled Hibernation  Hex/Ice        38%          3%          2
 Call Canine Familiar     Summ           27%          3%          3
 Summon Guardian Golem    Hex/Summ       16%          11%         3
 Corona                   Hex            5%           12%         1
 Hailstorm                Conj/Ice       19%          24%         4
 Summon Lightning Spire   Summ/Air       16%          34%         4
 Confusing Touch          Hex            5%           36%         3
 Dazzling Flash           Conj/Hex       10%          36%         3
 Tukima's Dance           Hex            5%           36%         3


Dungeon Overview and Level Annotations

Branches:
Dungeon (6/15)             Temple (1/1) D:4

Altars:
Ashenzari
Dithmenos
Elyvilon
Fedhas
Hepliaklqana
Kikubaaqudgha
Makhleb
Nemelex Xobeh
Okawaru
Qazlal
Ru
Trog
Uskayaw
Wu Jian
Xom
Zin
The Shining One


Innate Abilities, Weirdness & Mutations

You can be seen from farther away. (+LOS)
You can swim through water.
You cover ground slowly.
You can hop short distances.


Message History

You kill the orc priest!
The wall freezes the orc warrior!
The orc warrior completely misses you.
The wall freezes the orc warrior.
The orc warrior misses you.
The wall freezes the orc warrior.
The orc warrior closely misses you.
An orc comes into view. It is wielding a +0 club.
The wall freezes the orc warrior.
The orc warrior closely misses you.
The wall freezes something!
The frozen ramparts melt away.
The orc warrior hits you from afar with a +0 halberd!!
Something hits you.
The orc warrior hits you from afar with a +0 halberd!
Something hits you but does no damage.
Casting: Frozen Ramparts (safe; 1% risk of failure)
Confirm with . or Enter, or press ? or * to list all spells.
Casting: Frozen Ramparts (safe; 1% risk of failure)
Press: ? - help, Dir - look around, f - activate The walls around you are covered in ice.
The wall freezes the orc warrior.
The orc warrior hits you from afar with a +0 halberd!!
You die...

......... .......
.....# #...##
##...# #....##
##.....# .
#..##..### #... ##
##.#####@.##......
.# #..# ##.....#
###. ##<## ##o####
..#.####..# .o#
#........## ...#
##.###....####.
##...
...##..........
#...
#.#....#.......
#...
#....####......
....


You could see an orc warrior and an orc.

Vanquished Creatures
  A sky beast (D:5)
  An ogre (D:4)
  A phantom (D:5)
  A centaur (D:5)
  A bullfrog (D:6)
  A scorpion (D:5)
  Crazy Yiuf (D:4)
  A hound (D:4)
  An orc priest (D:6)
  Jessica (D:3)
  An orc wizard (D:4)
  Natasha (thrice) (D:3)
  2 worker ants
  2 worker ant zombies (D:5)
  7 adders
  10 gnolls
  2 oozes
  A worm (D:3)
  3 dart slugs
  4 leopard geckos
  6 orcs
  9 giant cockroaches
  7 goblins
  7 hobgoblins
  6 jackals
  7 kobolds
  6 quokkas
  7 bats
  7 frilled lizards
  2 leopard gecko skeletons
  A leopard gecko zombie (D:5)
  A quokka skeleton (D:4)
  6 rats
117 creatures vanquished.

Notes
Turn   | Place    | Note
-------+----------+-------------------------------------------
     0 | D:1      | bnorton916 the Barachi Ice Elementalist began the quest for
                  | the Orb.
     0 | D:1      | Reached XP level 1. HP: 13/13 MP: 3/3
   201 | D:1      | Reached skill level 5 in Ice Magic
   251 | D:1      | Reached XP level 2. HP: 12/19 MP: 1/5
  1307 | D:1      | Reached XP level 3. HP: 13/24 MP: 1/7
  2004 | D:2      | Found a hazy altar of Hepliaklqana.
  2006 | D:2      | Found a blossoming altar of Fedhas.
  2022 | D:2      | Learned a level 3 spell: Frozen Ramparts
  2026 | D:2      | Learned a level 3 spell: Ozocubu's Armour
  2210 | D:2      | Reached XP level 4. HP: 24/30 MP: 5/9
  2516 | D:2      | Reached skill level 6 in Ice Magic
  2726 | D:2      | Reached XP level 5. HP: 35/35 MP: 8/10
  3426 | D:3      | Noticed Natasha
  3432 | D:3      | Killed Natasha
  3437 | D:3      | Reached XP level 6. HP: 20/41 MP: 6/12
  3854 | D:3      | Noticed Natasha
  3861 | D:3      | Killed Natasha
  3862 | D:3      | Reached skill level 7 in Ice Magic
  3970 | D:3      | Noticed Jessica
  3980 | D:3      | Killed Jessica
  4278 | D:3      | Noticed Natasha
  4332 | D:3      | Killed Natasha
  4533 | D:4      | Reached skill level 5 in Spellcasting
  4734 | D:4      | Found a stormy altar of Qazlal.
  4735 | D:4      | Noticed a fire elemental
  4737 | D:4      | Noticed an air elemental
  4738 | D:4      | Noticed a water elemental
  4800 | D:4      | Found a runed translucent door.
  4801 | D:4      | Noticed Crazy Yiuf
  5171 | D:4      | Reached XP level 7. HP: 15/46 MP: 6/15
  5682 | D:4      | Found a staircase to the Ecumenical Temple.
  5695 | Temple   | Entered the Ecumenical Temple
  6053 | D:4      | Killed Crazy Yiuf
  6054 | D:4      | Reached skill level 8 in Ice Magic
  6102 | D:5      | Entered Level 5 of the Dungeon
  6108 | D:5      | Learned a level 4 spell: Summon Ice Beast
  6679 | D:5      | Reached skill level 5 in Summonings
  6679 | D:5      | Reached XP level 8. HP: 29/52 MP: 9/16
  6938 | D:5      | Found an iron altar of Okawaru.
  7065 | D:5      | Found a burning altar of Makhleb.
  7205 | D:5      | Found a broken altar of Ashenzari.
  7254 | D:6      | Found a glowing golden altar of the Shining One.
  7400 | D:6      | Reached skill level 1 in Armour
  7410 | D:6      | Learned a level 2 spell: Call Imp
  7500 | D:6      | Slain by an orc warrior

Illustrated notes

Levels and vault maps discovered:
D:1:      ncdulo_halloftheorcs, layout_basic
D:2:      layout_basic, grunt_temple_overflow_open, minmay_worlds_worst_comb
D:3:      layout_loops_ring, chequers_serial_rivers_large_a, uniq_natasha,
          uniq_jessica
D:4:      layout_basic, nicolae_qazlal_style_of_elements,
          minmay_temple_entry_offerings, uniq_crazy_yiuf_cottage
D:5:      layout_cave_pools, general_overflow_altar, kennysheep_little_box,
          lightli_temple_of_fire
D:6:      layout_layer_cave, tso_metal_star, uniq_blork_the_orc
Temple:   eino_temple_lava

Skill      XL: |  1  2  3  4  5  6  7  8 |
---------------+-------------------------+-----
Ice Magic      | 5 6 7 8 |  8.0
Spellcasting   | 3 4 5 |  5.6
Summonings     | 5 6 |  6.1
Armour         | 1 |  1.7
Dodging        | |  2.1
Stealth        | |  1.7

Action                   |  1- 3 |  4- 6 |  7- 9 || total
-------------------------+-------+-------+-------++-------
Melee: Unarmed           |    13 |     4 |       ||    17
       Whip              |       |    47 |    68 ||   115
Throw: Javelin           |       |     2 |       ||     2
 Cast: Freeze            |    44 |    45 |    12 ||   101
       Frozen Ramparts   |       |    10 |     8 ||    18
       Ozocubu's Armour  |       |     2 |     1 ||     3
  Use: Scroll            |       |     4 |       ||     4
 Stab: Sleeping          |       |     1 |     2 ||     3
Armor: Robe              |    10 |    26 |    12 ||    48
Dodge: Dodged            |    29 |    69 |    71 ||   169
